 Dungeon Crawl Stone Soup version 0.29.1-15-g9cfb28693d (webtiles) character file.

Game seed: 3130536775349793443

119 Barneous the Magician (level 5, 0/31 HPs)
             Began as an Octopode Hedge Wizard on Mar 16, 2023.
             Killed from afar by Ijyb (6 damage)
             ... with a puff of flame
             ... on level 3 of the Dungeon.
             The game lasted 00:10:33 (2837 turns).

Barneous the Magician (Octopode Hedge Wizard)       Turns: 2837, Time: 00:10:34

Health: 0/31       AC:  5    Str:  9    XL:     5   Next: 3%
Magic:  5/10       EV: 12    Int: 18    God:
Gold:   126        SH:  3    Dex: 12    Spells: 6/11 levels left

rFire   . . .      SeeInvis .   e - +2 dagger (freeze)
rCold   . . .      Faith    .   a - +0 buckler
rNeg    . . .      Spirit   .   b - +0 hat
rPois   .          Reflect  .   (no amulet)
rElec   .          Harm     .   f - +4 ring of protection
rCorr   .          Rampage  .   h - ring of flight
Will    .....                   (no ring)
Stlth   +++.......              (no ring)
HPRegen 0.10/turn               (no ring)
MPRegen 0.12/turn               (no ring)
                                (no ring)
                                (no ring)

@: on blink cooldown, flying
A: almost no armour, amphibious, 8 rings, camouflage 1, gelatinous body 1,
(nimble swimmer 1), tentacles
a: no special abilities


You were on level 3 of the Dungeon.
You visited 1 branch of the dungeon, and saw 3 of its levels.

You collected 126 gold pieces.

Inventory:

Hand Weapons
 d - a +0 rapier
 e - a +2 dagger of freezing (weapon)
 g - a +0 dagger of holy wrath
Missiles
 i - a throwing net
Armour
 a - a +0 buckler (worn)
 b - a +0 hat (worn)
Jewellery
 f - a +4 ring of protection (left tentacle)
 h - a ring of flight (right tentacle)
Wands
 j - a wand of flame (13)
Potions
 c - a potion of magic


   Skills:
 + Level 0.2 Fighting
 * Level 1.2 Short Blades
 + Level 2.2 Dodging
 + Level 3.0 Stealth
 * Level 1.2 Unarmed Combat
 * Level 3.7 Spellcasting
 * Level 1.5 Conjurations
 * Level 1.5 Summonings
 * Level 2.1 Translocations


You had 6 spell levels left.
You knew the following spells:

 Your Spells              Type           Power      Damage    Failure   Level
a - Magic Dart            Conj           32%        1d4       11%         1
b - Blink                 Tloc           22%        N/A       13%         2
c - Call Imp              Summ           8%         N/A       17%         2

Your spell library contained the following spells:

 Spells                   Type           Power      Damage    Failure   Level
 Slow                     Hex            12%        N/A       21%         1
 Conjure Flame            Conj/Fire      6%         6-21      41%         3
 Mephitic Cloud           Conj/Pois/Air  5%         N/A       45%         3


Dungeon Overview and Level Annotations

Branches:
Dungeon (3/15)

Altars:
Fedhas
Trog

Annotations:
D:3 Ijyb


Innate Abilities, Weirdness & Mutations

You cannot wear most types of armour.
You are amphibious.
You can wear up to eight rings at the same time.
Your skin changes colour to match your surroundings (Stealth+).
Your rubbery body absorbs attacks. (AC +1, EV +1)
((You are camouflaged when in or above water. (Stealth+)))
You have tentacles for arms and can constrict up to eight enemies at once.


Message History

You hit Ijyb but do no damage. You grab Ijyb.
You squeeze Ijyb, but do no damage.
Ijyb is lightly wounded.
You constrict Ijyb. Ijyb hits you but does no damage. Ijyb barely misses you.
You hit Ijyb. You freeze Ijyb.
Ijyb is moderately wounded.
You constrict Ijyb, but do no damage. Ijyb hits you with a +0 dagger.
You barely miss Ijyb. You squeeze Ijyb!
Ijyb is severely wounded.
You constrict Ijyb, but do no damage.
Ijyb zaps a wand.
The puff of flame hits you!
Your magical contamination has completely faded away.
You completely miss Ijyb. You squeeze Ijyb, but do no damage.
Ijyb is severely wounded.
You constrict Ijyb, but do no damage.
Ijyb zaps a wand.
The puff of flame hits you.
* * * LOW HITPOINT WARNING * * *
Okay, then.
You completely miss Ijyb.
Ijyb is severely wounded.
You constrict Ijyb, but do no damage. You hit Ijyb but do no damage.
Ijyb is severely wounded.
You constrict Ijyb, but do no damage. Ijyb hits you with a +0 dagger.
* * * LOW HITPOINT WARNING * * *
Ijyb closely misses you.
Casting: Call Imp (safe; 17% risk of failure)
Confirm with . or Enter, or press ? or * to list all spells.
You blink.
You lose your grip on Ijyb.
You hit Ijyb but do no damage. You grab Ijyb. You squeeze Ijyb.
Ijyb is severely wounded.
You constrict Ijyb, but do no damage. You hit Ijyb but do no damage.
Ijyb is severely wounded.
You constrict Ijyb, but do no damage. Ijyb closely misses you.
You barely miss Ijyb.
Ijyb is severely wounded.
You constrict Ijyb, but do no damage.
Ijyb zaps a wand.
The puff of flame hits you.
You die...

#....)...#
#........# #
##....oo..#####
#. ##
#.............. .
...
.....o.<......(
....
###############
.....####
h.......########
#
h....##).@g.§).##
# >g.
########†.#### #
g ##....## #
####..######
##....##.
####..#. ##...
###. #.


You could see Ijyb.

Vanquished Creatures
  A hound (D:3)
  2 gnolls (D:3)
  An adder (D:2)
  2 worms
  A dart slug (D:2)
  4 endoplasms
  2 giant cockroaches (D:2)
  7 goblins
  4 hobgoblins
  3 jackals (D:3)
  3 kobolds
  3 quokkas
  5 ball pythons
  2 bats (D:1)
  4 frilled lizards
  6 rats
50 creatures vanquished.

Vanquished Creatures (collateral kills)
  A giant cockroach (D:3)
1 creature vanquished.

Grand Total: 51 creatures vanquished

Notes
Turn   | Place    | Note
-------+----------+-------------------------------------------
     0 | D:1      | Barneous the Octopode Hedge Wizard began the quest for the
                  | Orb.
     0 | D:1      | Reached XP level 1. HP: 11/11 MP: 4/4
   236 | D:1      | Reached XP level 2. HP: 16/17 MP: 3/6
  1004 | D:1      | Learned a level 2 spell: Blink
  1007 | D:1      | Learned a level 2 spell: Call Imp
  1152 | D:2      | Reached XP level 3. HP: 21/21 MP: 1/7
  1906 | D:2      | Found a bloodstained altar of Trog.
  1958 | D:2      | Found a faded altar of an unknown god.
  2456 | D:3      | Reached XP level 4. HP: 27/27 MP: 3/9
  2564 | D:3      | Found a blossoming altar of Fedhas.
  2749 | D:3      | Noticed Ijyb
  2758 | D:3      | Reached skill level 1 in Unarmed Combat
  2769 | D:3      | Reached skill level 1 in Short Blades
  2769 | D:3      | Reached XP level 5. HP: 29/31 MP: 4/10
  2837 | D:3      | Killed from afar by Ijyb

Illustrated notes

Levels and vault maps discovered:
D:1:      lightli_arrival_chessboard, layout_basic, nicolae_figureground_pulse
D:2:      layout_loops_ring, basic_altar,
          hellmonk_ecumenical_altar_pennies_from_heaven
D:3:      layout_rooms, fedhas_altar_1, lightli_temple_of_fire, serial_shops,
          shop, eino_tiny_chamber, kennysheep_generic_room_4, uniq_ijyb

Skill      XL: |  1  2  3  4 |
---------------+-------------+-----
Translocations | 2 |  2.1
Stealth        | 3 |  3.0
Unarmed Combat | 1 |  1.2
Short Blades   | 1 |  1.2
Fighting       | |  0.2
Dodging        | |  2.2
Spellcasting   | |  3.7
Conjurations   | |  1.5
Summonings     | |  1.5

Action                   |  1- 3 |  4- 6 || total
-------------------------+-------+-------++-------
Melee: Rapier            |     8 |       ||     8
       Constrict         |     6 |     6 ||    12
       Tentacles         |     2 |     6 ||     8
       Dagger            |    20 |    24 ||    44
 Cast: Magic Dart        |    82 |     7 ||    89
       Call Imp          |     2 |     3 ||     5
       Blink             |       |     3 ||     3
Evoke: Wand              |       |     9 ||     9
  Use: Potion            |     3 |     1 ||     4
       Scroll            |     1 |     1 ||     2
 Stab: Sleeping          |     1 |     1 ||     2
Armor: Skin              |     2 |     4 ||     6
Dodge: Dodged            |    16 |    11 ||    27
Block: Buckler           |     2 |     2 ||     4
